 Dungeon Crawl Stone Soup version 0.23-a0-164-g7711e57 (webtiles) character file.

12384 grindst0ne the Arsonist (level 11, -12/48 HPs)
             Began as a Deep Elf Fire Elementalist on Sept 9, 2018.
             Was a High Priest of Ru.
             Mangled by an ogre
             ... wielding a +0 giant spiked club
              (30 damage)
             ... on level 11 of the Dungeon.
             The game lasted 00:41:59 (10246 turns).

grindst0ne the Arsonist (DEFE)                     Turns: 10246, Time: 00:41:59

Health: -12/48     AC: 11    Str:  5    XL:     11   Next: 61%
Magic:  1/26       EV: 13    Int: 24    God:    Ru [*****.]
Gold:   406        SH:  0    Dex: 13    Spells: 13/28 levels left

rFire    + . .     SeeInvis .   d - +0 whip (venom)
rCold    x . .     Gourm    .   (no shield)
rNeg     . . .     Faith    .   a - +0 robe
rPois    .         Spirit   .   C - +0 helmet
rElec    .         Reflect  .   I - +0 cloak
rCorr    .         Harm     .   L - +1 pair of gloves
MR       +....                  (no boots)
Stlth    ++........             m - amulet of magic regeneration
HPRegen  0.16/turn              h - +5 ring of protection
MPRegen  0.45/turn              A - ring of fire

@: drained
A: clumsy 1, frail 1, screaming 1, inability to use devices
a: Draw Out Power, Power Leap, Apocalypse, Renounce Religion


You were on level 11 of the Dungeon.
You worshipped Ru.
Ru was extremely pleased with you.
You were very hungry.

You visited 1 branch of the dungeon, and saw 11 of its levels.

You collected 698 gold pieces.
You spent 292 gold pieces at shops.

Inventory:

Hand Weapons
 d - a +0 whip of venom (weapon)
 g - the +8 demon blade "Leech" {vamp, rN+ AC-3 EV-3}
   (You took it off a crimson imp on level 5 of the Dungeon)

   It inflicts no extra harm, but heals its wielder when it wounds a living foe.
   It affects your AC (-3).
   It affects your evasion (-3).
   It protects you from negative energy.
 B - the +8 mace of Amortisation {drain, +Rage MR- Str+6 Int+3 Stlth+}
   (You found it on level 5 of the Dungeon)

   A truly terrible weapon, it drains the life of those it strikes.
   It affects your strength (+6).
   It affects your intelligence (+3).
   It affects your resistance to hostile enchantments.
   It lets you go berserk.
   It makes you more stealthy.
Armour
 a - a +0 robe (worn)
 y - a scarf of cloud immunity
 C - a +0 helmet (worn)
 I - a +0 cloak (worn)
 L - a +1 pair of gloves (worn)
Jewellery
 h - a +5 ring of protection (left hand)
 m - an amulet of magic regeneration (around neck)
 x - an uncursed amulet of regeneration
 A - a ring of fire (right hand)
 D - an uncursed amulet of rage {unknown}
 H - an uncursed ring of fire
Scrolls
 b - 9 scrolls of remove curse {unknown}
 e - a scroll of magic mapping
 j - 5 scrolls of amnesia
 n - 3 scrolls of teleportation
 p - 2 scrolls of immolation
 t - a scroll of fog
 v - a scroll of blinking
 z - a scroll of fear
 G - a scroll of enchant weapon
Potions
 f - 4 potions of curing
 k - 4 potions of brilliance
 l - a potion of flight
 o - 3 potions of lignification
 q - 2 potions of heal wounds
 r - 3 potions of cancellation
 s - 6 potions of mutation
 u - a potion of ambrosia
 w - 4 potions of resistance
 E - a potion of magic
 F - a potion of berserk rage
 J - a potion of haste
 K - a potion of might
Comestibles
 c - 20 rations


   Skills:
 - Level 2.4 Dodging
 - Level 2.4 Stealth
 - Level 9.4(9.3) Spellcasting
 + Level 12.5 Conjurations
 - Level 6.4 Hexes
 + Level 12.8 Fire Magic
 + Level 1.9 Air Magic


You had 13 spell levels left.
You knew the following spells:

 Your Spells              Type           Power        Failure   Level  Hunger
a - Flame Tongue          Conj/Fire      #####        1%          1    None
b - Throw Flame           Conj/Fire      ######       1%          2    None
c - Fireball              Conj/Fire      #######...   1%          5    ####...
d - Confuse               Hex            #####...     1%          3    None
e - Airstrike             Air            ###.......   26%         4    ##.....

Your spell library contained the following spells:

 Spells                   Type           Power        Failure   Level  Hunger
 Confusing Touch          Hex            #####.       1%          1    None
 Shock                    Conj/Air       ####         1%          1    None
 Conjure Flame            Conj/Fire      #######.     1%          3    None
 Inner Flame              Hex/Fire       ######..     1%          3    None
 Static Discharge         Conj/Air       #####...     1%          3    None
 Sticky Flame             Conj/Fire      #######.     1%          4    ##.....
 Swiftness                Chrm/Air       ###.....     6%          2    None
 Lightning Bolt           Conj/Air       #####.....   8%          5    ####...
 Irradiate                Conj/Tmut      #####.....   12%         5    ####...
 Gell's Gravitas          Tloc           ##........   17%         3    None
 Metabolic Englaciation   Hex/Ice        ####......   38%         5    ####...
 Yara's Violent Unravell  Hex/Tmut       ####......   38%         5    ####...
 Petrify                  Tmut/Erth      ##......     50%         4    ##.....
 Hydra Form               Tmut           ##........   100%        6    ######.
 Statue Form              Tmut/Erth      ##.......    100%        6    ######.
 Dragon Form              Tmut           ##........   100%        7    #######


Dungeon Overview and Level Annotations

Branches:
Dungeon (11/15)            Temple (0/1) D:4            Lair (0/6) D:8
    Orc: D:9-12

Altars:
Ashenzari
Cheibriados
Dithmenos
Hepliaklqana
Kikubaaqudgha
Ru
Vehumet
Xom
Yredelemnul

Shops:
D:9 *

Annotations:
D:7 3 runed doors, Tovarisch's ghost, novice OpTm; torrenera's ghost, novice GnEn


Innate Abilities, Weirdness & Mutations

You are clumsy. (Dex -2)
You are frail. (-10% HP)
You occasionally shout uncontrollably at your foes.
You cannot study or use magical devices.


Message History

Casting: Flame Tongue (safe; 1% risk of failure)
Confirm with . or Enter, or press ? or * to list all spells.
Aiming: Flame Tongue (safe; 1% risk of failure)
Press: ? - help, Shift-Dir - straight line, f/p - ogre
Aim: an ogre, wielding a giant spiked club (almost dead)
You feel a surge of power!
The flame tongue misses the ogre.
You feel less exhausted.
Casting: Flame Tongue (safe; 1% risk of failure)
Confirm with . or Enter, or press ? or * to list all spells.
Aiming: Flame Tongue (safe; 1% risk of failure)
Press: ? - help, Shift-Dir - straight line, f/p - ogre
Aim: an ogre, wielding a giant spiked club (almost dead)
You feel a surge of power!
The flame tongue hits the ogre.
The ogre is almost dead.
The ogre hits you with a giant spiked club!
* * * LOW HITPOINT WARNING * * *
You feel much better. The ogre barely misses you.
The ogre hits you with a giant spiked club!!
Ouch! That really hurt!
You die...

###########
#..@..^....
#.O........
#.<.../....
#.†..).....
#..........
#..........
#%.........
#.......>..
#.........


You could see an ogre.

Vanquished Creatures
  3 two-headed ogres
  The ghost of nht the Martial Artist, a novice DsMo of Dithmenos (D:9)
  6 ugly things
  An elephant (D:8)
  A komodo dragon (D:10)
  A hornet (shapeshifter) (D:9)
  A queen bee (D:10)
  A troll (D:10)
  A raiju (shapeshifter) (D:9)
  A hippogriff (D:8)
  2 basilisks (D:8)
  Eustachio (D:3)
  3 yaks (D:10)
  A wraith (D:9)
  2 neqoxecs (D:9)
  A soldier ant (shapeshifter) (D:9)
  Duvessa (D:4)
  4 ice beasts
  3 orc warriors
  A necrophage (D:9)
  2 ogres
  4 phantoms
  4 centaurs
  2 big kobolds
  A bullfrog (shapeshifter) (D:9)
  2 bullfrogs
  A water moccasin zombie (D:5)
  Dowan (D:4)
  17 killer bees
  7 wights
  5 howler monkeys
  6 crimson imps
  5 orc priests
  4 bullfrog skeletons
  A hound (D:6)
  6 jellies
  6 orc wizards
  2 iguanas
  6 worker ants
  A hound skeleton (D:5)
  4 gnolls (D:5)
  10 adders
  A howler monkey skeleton (D:5)
  3 shadow imps
  An ooze (D:4)
  2 adder skeletons (D:6)
  An adder zombie (D:7)
  3 worms
  2 dart slugs
  4 leopard geckos
  25 orcs
  A ball python (D:2)
  4 giant cockroaches
  A goblin (shapeshifter) (D:9)
  7 goblins
  2 hobgoblins
  14 jackals
  2 quokkas
  12 bats
  7 frilled lizards
  26 kobolds
  A leopard gecko skeleton (D:4)
  A leopard gecko zombie (D:5)
  7 rats
260 creatures vanquished.

Vanquished Creatures (others)
  A worker ant (D:4)
  An orc (D:4)
  5 withered plants (D:7)
7 creatures vanquished.

Grand Total: 267 creatures vanquished

Notes
Turn   | Place    | Note
-------+----------+-------------------------------------------
     0 | D:1      | grindst0ne the Deep Elf Fire Elementalist began the quest
                  | for the Orb.
     0 | D:1      | Reached XP level 1. HP: 10/10 MP: 6/6
   176 | D:1      | Reached XP level 2. HP: 15/15 MP: 6/8
   276 | D:1      | Learned a level 2 spell: Throw Flame
   718 | D:2      | Reached XP level 3. HP: 19/19 MP: 6/10
   793 | D:2      | Found an ancient bone altar of Kikubaaqudgha.
   793 | D:2      | Found a basalt altar of Yredelemnul.
   797 | D:2      | Found a shimmering altar of Xom.
   978 | D:2      | Found a sacrificial altar of Ru.
  1075 | D:2      | Became a worshipper of Ru the Awakened
  1226 | D:3      | Found a faded altar of an unknown god.
  1326 | D:3      | Reached XP level 4. HP: 24/24 MP: 8/12
  2234 | D:4      | Noticed a phantom
  2239 | D:4      | Reached XP level 5. HP: 28/28 MP: 11/14
  2255 | D:4      | Killed a phantom
  2255 | D:4      | Reached skill level 5 in Spellcasting
  2265 | D:4      | Gained mutation: You cannot study or use magical devices.
                  | [Ru sacrifice]
  2265 | D:4      | Reached * piety under Ru
  2265 | D:4      | Reached ** piety under Ru
  2292 | D:4      | Reached skill level 5 in Fire Magic
  2292 | D:4      | Reached XP level 6. HP: 23/32 MP: 10/16
  2510 | D:4      | Found a staircase to the Ecumenical Temple.
  2511 | D:4      | Noticed Eustachio
  2571 | D:3      | Learned a level 5 spell: Fireball
  2754 | D:3      | Killed Eustachio
  2754 | D:3      | Reached XP level 7. HP: 36/36 MP: 4/18
  3071 | D:4      | Noticed Duvessa
  3076 | D:4      | Noticed Dowan
  3080 | D:4      | Killed Duvessa
  3080 | D:4      | Reached skill level 5 in Conjurations
  3091 | D:4      | Killed Dowan
  3247 | D:5      | Entered Level 5 of the Dungeon
  3625 | D:5      | Reached XP level 8. HP: 35/41 MP: 12/21
  4317 | D:5      | Got a jewelled mace
  4318 | D:5      | Identified the +8 mace of Amortisation {drain, +Rage MR-
                  | Str+6 Int+3 Stlth+} (You found it on level 5 of the
                  | Dungeon)
  4661 | D:6      | Found a shadowy altar of Dithmenos.
  4695 | D:6      | Found a hazy altar of Hepliaklqana.
  5124 | D:6      | Found a shimmering altar of Xom.
  5681 | D:7      | Found a runed gate.
  5681 | D:7      | Found a runed gate.
  5681 | D:7      | Found a runed gate.
  5746 | D:7      | Noticed torrenera's ghost (novice GnEn)
  5747 | D:7      | Noticed Tovarisch's ghost (novice OpTm)
  5787 | D:7      | Gained mutation: You are clumsy. (Dex -2) [Ru sacrifice]
  5787 | D:7      | Reached *** piety under Ru
  5874 | D:7      | Reached XP level 9. HP: 45/45 MP: 1/24
  6211 | D:7      | Learned a level 3 spell: Confuse
  6267 | D:7      | Reached skill level 1 in Hexes
  6929 | D:8      | Noticed an elephant
  6942 | D:8      | Killed an elephant
  7132 | D:8      | Found a staircase to the Lair.
  7136 | D:8      | Reached skill level 5 in Hexes
  7784 | D:9      | Noticed a two-headed ogre
  7788 | D:9      | Killed a two-headed ogre
  7788 | D:9      | Reached XP level 10. HP: 50/50 MP: 0/25
  7861 | D:9      | Found a shattered altar of Ashenzari.
  7912 | D:9      | Found Warisata's General Store.
  7919 | D:9      | Bought a scroll of identify for 30 gold pieces
  7919 | D:9      | Bought a scroll of enchant weapon for 112 gold pieces
  7919 | D:9      | Bought a potion of resistance for 150 gold pieces
  7984 | D:9      | Reached skill level 10 in Fire Magic
  8040 | D:9      | Gained mutation: You are frail. (-10% HP) [Ru sacrifice]
  8040 | D:9      | Reached **** piety under Ru
  8040 | D:9      | Reached ***** piety under Ru
  8220 | D:9      | Found a snail-covered altar of Cheibriados.
  8485 | D:9      | Found a radiant altar of Vehumet.
  8539 | D:9      | Noticed a two-headed ogre
  8548 | D:9      | Killed a two-headed ogre
  8548 | D:9      | Reached skill level 10 in Conjurations
  8804 | D:9      | Found a runed gate.
  8804 | D:9      | Found a runed gate.
  8804 | D:9      | Found a runed gate.
  8807 | D:9      | Noticed a brown ugly thing
  8807 | D:9      | Noticed a red ugly thing
  8812 | D:9      | Noticed a white ugly thing
  8812 | D:9      | Noticed a red ugly thing
  8813 | D:9      | Noticed a white ugly thing
  8826 | D:9      | Killed a white ugly thing
  8826 | D:9      | Killed a red ugly thing
  8827 | D:9      | Killed a white ugly thing
  8827 | D:9      | Killed a white ugly thing
  8833 | D:9      | Killed a white ugly thing
  8833 | D:9      | Reached XP level 11. HP: 48/48 MP: 1/26
  8835 | D:9      | Found a runed gate.
  8835 | D:9      | Found a runed gate.
  8838 | D:9      | Found a runed gate.
  8845 | D:9      | Noticed nht's ghost (novice DsMo)
  8847 | D:9      | Noticed a fire crab
  8849 | D:9      | a fire crab changed into an ogre
  8901 | D:9      | Killed nht's ghost
  9050 | D:10     | Entered Level 10 of the Dungeon
  9765 | D:10     | Gained mutation: You occasionally shout uncontrollably at
                  | your foes. [Ru sacrifice]
  9822 | D:10     | Learned a level 4 spell: Airstrike
 10223 | D:11     | Noticed a two-headed ogre
 10225 | D:11     | Noticed a brown ugly thing
 10227 | D:11     | Killed a two-headed ogre
 10227 | D:11     | Reached skill level 1 in Air Magic
 10233 | D:11     | Killed a brown ugly thing
 10246 | D:11     | Mangled by an ogre

Vault maps used:
D:1:      mrwooster_arrival_statue, minmay_heptomino_o4
D:2:      lemuel_doored_altar, minitemple
D:3:      chequers_ecumenical_altar_simple_redux, first_ration, feat_on_display
D:4:      minmay_temple_entry_mist, uniq_eustachio, uniq_duvessa
D:5:      minivault_5
D:6:      nicolae_overflow_hidden_temple, kennysheep_little_box, basic_altar
D:7:      gammafunk_ghost_cemetery
D:8:      david_lair_generic
D:9:      lemuel_round_altar, evilmike_ruin_ashenzari, vehumet_crystals,
          ploomutoo_gammafunk_ghost_potion_laboratory, serial_shops, shop
D:10:     lemuel_ice_spiral_2, david_nohive_1, minmay_misc_feat_ornament
D:11:     minmay_distorted_concentric_squares, serial_shops,
          nicolae_shop_behind_doors, uniq_urug, uniq_harold

Skill      XL: |  1  2  3  4  5  6  7  8  9 10 11 |
---------------+----------------------------------+-----
Conjurations   | 2 3 4 5 7 9 11 12 | 12.5
Spellcasting   | 4 5 6 7 9 |  9.4
Fire Magic     | 4 5 6 8 9 11 12 | 12.8
Hexes          | 6 |  6.4
Air Magic      | 1 |  1.9
Dodging        | |  2.4
Stealth        | |  2.4

Action                   |  1- 3 |  4- 6 |  7- 9 | 10-12 || total
-------------------------+-------+-------+-------+-------++-------
Melee: Whip              |     2 |    15 |   308 |    15 ||   340
 Cast: Flame Tongue      |    72 |    39 |     7 |    14 ||   132
       Throw Flame       |     9 |    52 |   186 |   115 ||   362
       Fireball          |       |       |    20 |    32 ||    52
       Confuse           |       |       |    10 |     7 ||    17
Invok: Sacrifice Artific |       |     1 |       |       ||     1
       Sacrifice Purity  |       |       |     1 |     1 ||     2
       Draw Out Power    |       |       |     1 |     2 ||     3
       Apocalypse        |       |       |       |     2 ||     2
       Sacrifice Health  |       |       |       |     1 ||     1
  Use: Scroll            |       |    10 |     3 |     7 ||    20
       Potion            |       |       |     2 |     1 ||     3
 Stab: Invisible         |       |       |     1 |       ||     1
       Confused          |       |       |     2 |       ||     2
  Eat: Chunk             |     1 |     5 |    16 |     5 ||    27
       Ration            |       |       |     1 |     2 ||     3
Armor: Robe              |     9 |    17 |   108 |    11 ||   145
Dodge: Dodged            |    19 |    51 |   187 |    33 ||   290

Table legend:
 A = Non-vault XP
 B = Vault XP
 C = Vault XP percentage of total XP
 D = Non-vault monster count
 E = Vault monster count
 F = Vault count percentage of total count
                 A         B        C        D         E       F
            +---------+---------+-------+---------+---------+-------
      Total |   10145 |    7547 |  42.7 |     222 |      38 |  14.6
            +---------+---------+-------+---------+---------+-------
        D:1 |      27 |       4 |  12.9 |      15 |       3 |  16.7
        D:2 |      27 |       0 |   0.0 |      17 |       0 |   0.0
        D:3 |     158 |     196 |  55.4 |      35 |       1 |   2.8
        D:4 |     583 |     226 |  27.9 |      20 |       2 |   9.1
        D:5 |     722 |       0 |   0.0 |      20 |       0 |   0.0
        D:6 |     501 |       0 |   0.0 |      16 |       0 |   0.0
        D:7 |    1026 |       0 |   0.0 |      34 |       0 |   0.0
        D:8 |     404 |    1144 |  73.9 |       8 |       4 |  33.3
        D:9 |    3408 |    4825 |  58.6 |      30 |      13 |  30.2
       D:10 |    1903 |    1152 |  37.7 |      24 |      15 |  38.5
       D:11 |    1386 |       0 |   0.0 |       3 |       0 |   0.0
            +---------+---------+-------+---------+---------+-------
